 Dungeon Crawl Stone Soup version 0.30.0-29-ga12c61a403 (webtiles) character file.

Game seed: 8112453893390482062

8467 Fodor the Basher (level 11, -14/95 HPs)
             Began as a Minotaur Fighter on June 10, 2023.
             Was an Initiate of Gozag.
             Killed from afar by a fire dragon (30 damage)
             ... with a blast of flame
             ... on level 10 of the Dungeon.
             The game lasted 00:51:57 (8524 turns).

Fodor the Basher (Minotaur Fighter)                 Turns: 8524, Time: 00:52:01

Health: -14/95     AC:  9    Str: 30    XL:     11   Next: 10%
Magic:  0/10       EV: 12    Int:  5    God:    Gozag
Gold:   1077       SH: 18    Dex: 24    Spells: 10/10 levels left

rFire   . . .        z - +6 whip of Judgement {speed, Dex+5}
rCold   . . .        U - +0 tower shield {rPois}
rNeg    . . .        a - +5 ring mail of the Sun {rElec rCorr Str+7 Dex-4}
rPois   +            (helmet restricted)
rElec   +            (no cloak)
rCorr   +            (no gloves)
SInv    .            N - +0 pair of boots
Will    .....        G - amulet "Izaxetz" {Spirit -Cast Rampage *Corrode Dex+5}
Stlth   ++           o - +4 ring of protection
HPRegen 0.35/turn    Q - +6 ring of dexterity
MPRegen 0.12/turn

%: no spellcasting, corrode self (3%), guardian spirit, rampage
@: corroded
A: horns 2, retaliatory headbutt
a: Renounce Religion, Potion Petition, Call Merchant, Bribe Branch


You were on level 10 of the Dungeon.
You worshipped Gozag.
Gozag was most pleased with you.
You visited 2 branches of the dungeon, and saw 12 of its levels.

You collected 1396 gold pieces.
You spent 277 gold pieces at shops.
You paid 42 gold pieces to Gozag.

Inventory:

Hand Weapons
 d - a +0 longbow
 j - the +6 hand axe of Affaixoj {speed, *Rage Str+2 Dex+2}
   (You found it on level 10 of the Dungeon)

   Str:       It affects your strength (+2).
   Dex:       It affects your dexterity (+2).
   *Rage:     It berserks you when you make melee attacks (+20% chance).
 z - the +6 whip of Judgement (weapon) {speed, Dex+5}
   (You found it on level 5 of the Dungeon)

   Dex:       It affects your dexterity (+5).
 J - a +0 shortbow
Missiles
 g - 3 silver boomerangs (quivered)
 i - 16 poisoned darts
 m - 34 stones
 D - 4 boomerangs
 I - 6 javelins
 R - 3 curare-tipped darts
Armour
 a - the +5 ring mail of the Sun (worn) {rElec rCorr Str+7 Dex-4}
   (You found it on level 9 of the Dungeon)

   Str:       It affects your strength (+7).
   Dex:       It affects your dexterity (-4).
   rElec:     It insulates you from electricity.
   rCorr:     It protects you from acid and corrosion.
 c - a +0 buckler
 N - a +0 pair of boots (worn)
 S - the +4 scale mail "Vopiv" {rC+ Regen+ Str+3}
   (You bought it in a shop on level 9 of the Dungeon)

   Str:       It affects your strength (+3).
   rC:        It protects you from cold.
   Regen:     It increases your rate of health regeneration.
 U - a +0 tower shield of poison resistance (worn)
 V - the +2 leather armour "Ninoqull" {Harm Str+2}
   (You found it on level 10 of the Dungeon)

   Str:       It affects your strength (+2).
   Harm:      It increases damage dealt and taken.
Magical Staves
 x - a staff of death
 T - a staff of fire
Jewellery
 o - a +4 ring of protection (left hand)
 t - a ring of protection from cold
 y - a +4 ring of slaying
 A - a ring of fire
 G - the amulet "Izaxetz" (around neck) {Spirit -Cast Rampage *Corrode Dex+5}
   (You took it off an orc on level 6 of the Dungeon)

   [amulet of guardian spirit]

   It causes incoming damage to be divided between your reserves of health and
   magic.
   Dex:       It affects your dexterity (+5).
   -Cast:     It prevents spellcasting.
   *Corrode:  It may corrode you when you take damage.
   Rampage:   It bestows one free step when moving towards enemies.
 H - an amulet of regeneration
 K - a ring of ice
 Q - a +6 ring of dexterity (right hand)
Wands
 C - a wand of mindburst (27)
 P - a wand of digging (4)
Scrolls
 f - 2 scrolls of amnesia
 k - 2 scrolls of poison
 l - 3 scrolls of silence
 q - a scroll of enchant weapon
 r - 2 scrolls of teleportation
 u - 2 scrolls of butterflies
 v - 4 scrolls of vulnerability
 E - 3 scrolls of blinking
 F - a scroll of fog {unknown}
 L - a scroll of immolation {unknown}
 M - a scroll of fear {unknown}
 O - a scroll of magic mapping
Potions
 b - a potion of lignification {unknown}
 e - 2 potions of heal wounds
 h - 5 potions of curing {unknown}
 n - a potion of brilliance {unknown}
 p - a potion of ambrosia {unknown}
 s - 2 potions of degeneration {unknown}
 w - 2 potions of haste {unknown}
 B - 2 potions of resistance


   Skills:
 + Level 8.4 Fighting
 + Level 7.4 Long Blades
 + Level 10.8 Maces & Flails
 + Level 4.6 Throwing
 + Level 10.0 Armour
 + Level 3.6 Dodging
 + Level 2.1 Stealth
 + Level 8.3 Shields


You had 10 spell levels left.
You didn't know any spells.
Your spell library contained the following spells:

 Spells                   Type           Power      Damage    Failure   Level
 Beastly Appendage        Tmut           0%         N/A       92%         1
 Necrotise                Necr           0%         1d4       92%         1
 Cigotuvi's Dreadful Rot  Necr/Pois/Air  0%         N/A       98%         2
 Searing Ray              Conj           0%         2d4       98%         2
 Static Discharge         Conj/Air       0%         2-2/arc   98%         2
 Wereblood                Tmut           0%         N/A       98%         2
 Spider Form              Tmut/Pois      0%         N/A       100%        3
 Vampiric Draining        Necr           0%         2d6       100%        3
 Agony                    Necr           0%         N/A       100%        5


Dungeon Overview and Level Annotations

Branches:
Dungeon (11/15)            Temple (1/1) D:5
   Lair: D:8-11         Orc: D:9-12

Altars:
Ashenzari
Cheibriados
Dithmenos
Fedhas
Gozag
Hepliaklqana
Kikubaaqudgha
Nemelex Xobeh
Qazlal
Sif Muna
Uskayaw
Vehumet
Wu Jian
Xom
The Shining One

Shops:
D:3 =(*   D:9 [

Annotations:
D:10 2 runed translucent doors


Innate Abilities, Weirdness & Mutations

You have a pair of horns on your head.
You reflexively headbutt those who attack you in melee.


Message History

You hit the fire dragon but do no damage.
The fire dragon is moderately wounded.
The fire dragon bites you. You block the fire dragon's attack. x2
You hit the fire dragon but do no damage.
The fire dragon is moderately wounded.
You hit the fire dragon.
The fire dragon is moderately wounded.
The fire dragon bites you.
Your corrosive artefact corrodes you!
You block the fire dragon's attack.
The fire dragon tramples you but does no damage.
You hit the fire dragon.
The fire dragon is moderately wounded.
You hit the fire dragon but do no damage.
The fire dragon is moderately wounded.
You block the fire dragon's attack. x2; The fire dragon closely misses you.
The yak snorts and paws the ground.
You hit the fire dragon but do no damage.
The fire dragon is moderately wounded.
You hit the fire dragon but do no damage.
The fire dragon is moderately wounded.
You block the fire dragon's attack. The fire dragon claws you.
The fire dragon tramples you.
You hold your ground!
You hit the fire dragon.
You headbutt the fire dragon, but do no damage.
The fire dragon is moderately wounded.
You barely miss the fire dragon.
The fire dragon is moderately wounded.
The fire dragon breathes flames at you. The blast of flame hits you!!
* * * LOW HITPOINT WARNING * * *
Your corrosive artefact corrodes you!
You hit the fire dragon but do no damage.
The fire dragon is moderately wounded.
You hit the fire dragon but do no damage.
Your headbutt misses the fire dragon.
The fire dragon is moderately wounded.
The fire dragon breathes flames at you. The blast of flame hits you!!
You die...
Your body crumbles into a pile of gold.

......... ....####.
....#..### ....#.#..###
###.#.###..###
#...#.#[###..###
#...#....)###..##
#...#.#[###...).##
#...#.###....#(#@#####
#...#.#....###.#D#####
#...#....###..##YWsK##
#...#..###..####sCul+...
###.####..###..#Kyc.####
#.....###....#.#+####.#
#.......###.##.#.###.#.#
#....#....###...#.# #.#.
#....#......##...#.#


You could see a fire dragon (catching breath), a brown ugly thing, a wolf
spider, a centaur warrior, a cyclops, a freezing wraith, a yak, a hornet, a
wyvern, a redback and 2 kobold brigands.

Vanquished Creatures
  2 centaur warriors (D:10)
  An ugly thing (D:10)
  A cyclops (D:10)
  A manticore (D:10)
  A tengu conjurer (D:10)
  A tarantella (shapeshifter) (D:7)
  A slime creature (D:10)
  A spriggan (shapeshifter) (D:10)
  A shadow (D:9)
  10 yaks
  A wyvern (shapeshifter) (D:7)
  A vampire (D:10)
  A wyvern (D:8)
  2 steam dragons (D:8)
  A water moccasin (D:8)
  2 acid dragons (D:9)
  2 ice beasts
  3 ogres
  2 centaurs
  2 phantoms (D:6)
  A kobold brigand (D:8)
  2 bullfrogs (D:6)
  3 gnoll sergeants
  6 scorpions
  4 wights (D:9)
  4 killer bees (D:9)
  2 howler monkeys (D:8)
  3 hounds
  4 orc priests
  2 jellies
  Natasha (thrice) (D:3)
  3 iguanas
  6 orc wizards
  12 gnolls
  4 adders
  A shadow imp (D:5)
  2 white imps
  2 ufetubi
  2 worms (D:2)
  A dart slug (D:3)
  30 orcs
  7 endoplasms
  6 giant cockroaches
  4 goblins
  5 hobgoblins
  4 quokkas
  13 ball pythons
  6 bats
  3 frilled lizards
  11 kobolds
  6 rats
199 creatures vanquished.

Notes
Turn   | Place    | Note
-------+----------+-------------------------------------------
     0 | D:1      | Fodor the Minotaur Fighter began the quest for the Orb.
     0 | D:1      | Reached XP level 1. HP: 19/19 MP: 0/0
     3 | D:1      | Noticed an electric eel
    16 | D:1      | Noticed an electric eel
   157 | D:1      | Reached XP level 2. HP: 21/27 MP: 1/1
   548 | D:2      | Reached XP level 3. HP: 28/34 MP: 2/2
  1296 | D:3      | Noticed Natasha
  1297 | D:3      | Found a faded altar of an unknown god.
  1306 | D:3      | Killed Natasha
  1307 | D:3      | Reached XP level 4. HP: 32/41 MP: 3/3
  1617 | D:3      | Found Deneck's Assorted Antiques.
  1636 | D:3      | Noticed Natasha
  1642 | D:3      | Killed Natasha
  1699 | D:3      | Noticed Natasha
  1716 | D:3      | Killed Natasha
  1717 | D:3      | Reached XP level 5. HP: 30/47 MP: 4/4
  1776 | D:3      | Bought a scroll labelled GOEVUUKHIE for 25 gold pieces
  1922 | D:3      | Found Ipefrei's Jewellery Boutique.
  2011 | D:3      | Found a broken altar of Ashenzari.
  2012 | D:3      | Found Taoruol's Weapon Boutique.
  2034 | D:3      | Reached skill level 1 in Dodging
  2337 | D:4      | Found a stormy altar of Qazlal.
  2346 | D:4      | Noticed an ogre
  2350 | D:4      | Killed an ogre
  2351 | D:4      | Reached skill level 5 in Long Blades
  2351 | D:4      | Reached skill level 5 in Armour
  2351 | D:4      | Reached XP level 6. HP: 55/55 MP: 5/5
  2876 | D:4      | Reached skill level 5 in Fighting
  3299 | D:5      | Entered Level 5 of the Dungeon
  3305 | D:5      | Identified the +6 whip of Judgement {speed, Dex+5}
  3452 | D:5      | Found a staircase to the Ecumenical Temple.
  3618 | D:5      | Reached XP level 7. HP: 42/61 MP: 6/6
  3725 | Temple   | Entered the Ecumenical Temple
  3734 | Temple   | Became a worshipper of Gozag Ym Sagoz the Greedy
  3876 | D:5      | Found an ancient bone altar of Kikubaaqudgha.
  3879 | D:5      | Found a blossoming altar of Fedhas.
  4002 | D:5      | Reached skill level 5 in Shields
  4019 | D:5      | Reached skill level 1 in Maces & Flails
  4019 | D:5      | Reached skill level 1 in Throwing
  4279 | D:6      | Reached XP level 8. HP: 53/70 MP: 7/7
  4488 | D:6      | Identified the amulet "Izaxetz" {Spirit -Cast Rampage
                  | *Corrode Dex+5}
  4528 | D:6      | Found a glowing golden altar of the Shining One.
  5364 | D:7      | Identified the +0 helmet "Bixona Xoir" {rC+ rCorr SInv}
  5690 | D:7      | Found a radiant altar of Vehumet.
  5690 | D:7      | Found a shadowy altar of Dithmenos.
  5941 | D:7      | Found a shimmering altar of Xom.
  5943 | D:7      | Found a shimmering altar of Xom.
  5943 | D:7      | Found a shimmering altar of Xom.
  5945 | D:7      | Found a shimmering altar of Xom.
  5945 | D:7      | Found a shimmering altar of Xom.
  5946 | D:7      | Found a shimmering altar of Xom.
  6160 | D:8      | Reached skill level 5 in Maces & Flails
  6191 | D:8      | Reached XP level 9. HP: 51/78 MP: 5/8
  6499 | D:8      | Found a flagged portal.
  6647 | D:8      | Reached skill level 1 in Stealth
  6978 | D:9      | Found a snail-covered altar of Cheibriados.
  6978 | D:9      | You fall into a shaft and drop 2 floors!
  6992 | D:11     | Noticed a gargoyle
  6994 | D:10     | Entered Level 10 of the Dungeon
  7011 | D:10     | Got Quotidian Incantation
  7175 | D:9      | Found a hide-covered altar of Uskayaw.
  7191 | D:9      | Reached XP level 10. HP: 30/86 MP: 4/9
  7381 | D:9      | Found Feckaof's Antique Armour Shop.
  7451 | D:9      | Bought a smoking scale mail for 252 gold pieces
  7451 | D:9      | Identified the +4 scale mail "Vopiv" {rC+ Regen+ Str+3}
                  | (You bought it in a shop on level 9 of the Dungeon)
  7653 | D:9      | Found an ornate altar of the Wu Jian Council.
  7766 | D:9      | Identified the +5 ring mail of the Sun {rElec rCorr Str+7
                  | Dex-4}
  8203 | D:10     | Found a runed translucent door.
  8205 | D:10     | Noticed a brown ugly thing
  8205 | D:10     | Noticed a wolf spider
  8210 | D:10     | Found a runed translucent door.
  8210 | D:10     | Noticed a centaur warrior
  8227 | D:10     | Noticed a fire dragon
  8229 | D:10     | Found a runed translucent door.
  8229 | D:10     | Noticed a cyclops
  8248 | D:10     | Noticed a centaur warrior
  8248 | D:10     | Noticed a manticore
  8248 | D:10     | Noticed a cyclops
  8248 | D:10     | Noticed a white ugly thing
  8248 | D:10     | Noticed a centaur warrior
  8248 | D:10     | Noticed a fire crab
  8249 | D:10     | a fire crab changed into a spriggan
  8269 | D:10     | Killed a centaur warrior
  8270 | D:10     | Reached skill level 10 in Maces & Flails
  8275 | D:10     | Killed a manticore
  8290 | D:10     | Killed a cyclops
  8292 | D:10     | Killed a centaur warrior
  8293 | D:10     | Reached XP level 11. HP: 62/95 MP: 4/10
  8324 | D:10     | Killed a white ugly thing
  8329 | D:10     | Reached skill level 10 in Armour
  8343 | D:10     | Identified the +6 hand axe of Affaixoj {speed, *Rage Str+2
                  | Dex+2}
  8358 | D:10     | Identified the +2 leather armour "Ninoqull" {Harm Str+2}
  8524 | D:10     | Killed from afar by a fire dragon

Illustrated notes

Levels and vault maps discovered:
D:1:      arrival_aquarium_b, layout_rooms
D:2:      kennysheep_big_flooded_room, layout_basic
D:3:      layout_basic, mainiacjoe_overflow_small_starburst,
          basic_ecumenical_altar, serial_glass, glass_columns_a,
          glass_columns_a, glass_columns_b, serial_shops, shop,
          nicolae_shop_overgrown_old_shop, nicolae_shop_hallway_plus,
          st_stairs_13, kennysheep_big_empty_room, minmay_cut_off, uniq_natasha
D:4:      nicolae_cairo_tiling_large_dashed, layout_basic,
          nicolae_qazlal_scattered_showers
D:5:      layout_gridville, grunt_temple_overflow_growth_and_decay,
          minmay_temple_entry_water_ring
D:6:      layout_gridville, mainiacjoe_overflow_tiny_flanked,
          amcnicky_mini_corridor_feature, grunt_decor_fettered,
          kennysheep_generic_room_7
D:7:      layout_basic, xom_shifter_show, gammafunk_temple_overflow_wave,
          roderic_lattice_a
D:8:      layout_rooms, enter_bailey_2, kennysheep_generic_room_14
D:9:      layout_cave_pods, mainiacjoe_overflow_surrounded_room,
          cheibriados_altar_1, nicolae_uskayaw_dance_hall, serial_shops,
          nicolae_shop_dealshenge
D:10:     minmay_the_grid_triangle_9x9_rhombus_thin_mashed
          [minmay_the_grid_triangle_9x9_longest,
          minmay_the_grid_triangle_9x9_prize_top_heavy,
          minmay_the_grid_triangle_9x9_checkered,
          minmay_the_grid_triangle_9x9_fully_insulated_deathbox],
          layout_grid_maze, grunt_temple_overflow_bloody_war,
          lightli_temple_of_fire, uniq_urug
D:11:     layout_irregular_city, erik_lair_orcish_takeover,
          minmay_misc_feat_encased, uniq_sonja, uniq_nergalle
Temple:   nicolae_temple_ecumenical_triangle

Skill      XL: |  1  2  3  4  5  6  7  8  9 10 11 |
---------------+----------------------------------+-----
Fighting       | 4 5 6 7 8 |  8.4
Armour         | 4 5 6 7 8 9 10 | 10.0
Long Blades    | 3 4 5 6 7 |  7.4
Shields        | 4 5 6 7 8 |  8.3
Dodging        | 1 2 3 |  3.6
Maces & Flails | 2 5 8 10 | 10.8
Throwing       | 1 2 4 |  4.6
Stealth        | 1 2 |  2.1

Action                     |  1- 3 |  4- 6 |  7- 9 | 10-12 || total
---------------------------+-------+-------+-------+-------++-------
  Melee: Long sword        |    96 |    81 |       |       ||   177
         Headbutt          |    10 |    23 |    70 |    44 ||   147
         Whip              |       |    17 |   300 |   126 ||   443
  Throw: Boomerang         |     3 |     4 |     4 |     3 ||    14
         Dart              |       |     3 |    14 |     5 ||    22
         Javelin           |       |       |       |     7 ||     7
    Use: Scroll            |       |     5 |     3 |     3 ||    11
         Potion            |       |       |     1 |     4 ||     5
   Stab: Distracted        |       |       |     1 |       ||     1
 Armour: Scale mail        |    46 |       |       |     5 ||    51
         Chain mail        |       |    51 |   119 |    17 ||   187
         Ring mail         |       |       |       |    16 ||    16
  Dodge: Dodged            |    63 |    55 |    81 |    42 ||   241
  Block: Buckler           |    31 |    33 |    63 |    31 ||   158
         Tower shield      |       |       |       |    10 ||    10
